Get step-by-step instructions on how to execute this build order below. Start the game timer, and the build order will tick by so you can play in parallel with StarCraft on a second screen or mobile device.

Game Time

  0:00

Last Step

  N/A

Next Step

Upcoming Step



Don't want to look back and forth between 2 screens? Try out our Overwolf App, the Spawning Tool Build Advisor to get an in-game overlay with this build!

Complete Build Order

  12  0:13  SCV  
  12  0:40  SCV  
  12  0:52  SCV  
  12  1:21  Supply Depot  
  12  1:42  SCV  
  12  1:54  SCV  
  12  2:08  SCV  
  12  2:20  SCV  
  12  2:32  SCV  
  12  2:44  SCV